Map: Jagannatha LE

Players

Lambo - Winner!

  • Race: Zerg Zerg
  • League: Grandmaster

TLHarstem (Harstem)

  • Race: Protoss Protoss
  • League: Master

Event: DreamHack SC2 Masters 2021 Summer

VOD

Have the link to the VOD?

Description

Time

  • Played on: May 26, 2021, 12:20 p.m.
  • Length: 11:14

All games in this series

Show
View Real Time Build Order
Export as new Build Order

Lambo Zerg - Winner!

Build Orders: Hatch First, Muta Ling Bane 

Get SALT Encoding   

  12  0:00  Drone  
  13  0:12  Overlord  
  13  0:17  Drone  
  14  0:30  Drone x2  
  16  0:45  Drone  
  17  0:52  Hatchery  
  17  0:55  Drone  
  17  0:59  Drone  
  18  1:09  Extractor  
  17  1:14  Spawning Pool  
  16  1:18  Drone  
  16  1:20  Drone  
  18  1:29  Drone  
  19  1:38  Drone  
  20  1:53  Overlord  
  20  2:01  Queen  
  22  2:03  Queen  
  22  2:04  Zergling x2, Drone  
  26  2:10  Metabolic Boost  
  26  2:12  Zergling x2  
  26  2:14  Drone  
  28  2:24  Drone  
  29  2:32  Drone  
  30  2:38  Hatchery  
  30  2:39  Drone  
  30  2:41  Drone  
  31  2:45  Overlord  
  31  2:50  Drone  
  32  2:54  Queen  
  34  3:00  Drone  
  34  3:02  Drone  
  36  3:14  Drone x4  
  36  3:16  Queen  
  36  3:18  Overlord  
  42  3:22  Overlord  
  42  3:26  Drone  
  43  3:27  Drone  
  44  3:36  Queen  
  44  3:38  Drone  
  44  3:39  Drone  
  44  3:40  Drone x2  
  50  3:44  Drone  
  50  3:48  Drone  
  52  3:49  Overlord  
  52  3:50  Queen  
  54  4:00  Drone x3  
  55  4:04  Spore Crawler, Drone  
  55  4:09  Drone  
  57  4:10  Drone x2  
  57  4:13  Drone x2  
  57  4:14  Roach Warren  
  59  4:20  Zergling x6  
  59  4:22  Zergling x2  
  63  4:24  Lair  
  63  4:27  Extractor  
  63  4:28  Zergling x4  
  63  4:31  Extractor  
  63  4:33  Drone  
  63  4:35  Drone  
  63  4:36  Overlord, Drone  
  63  4:37  Overlord  
  66  4:39  Drone  
  66  4:42  Drone x3  
  66  4:46  Drone  
  66  4:55  Drone x3  
  69  5:01  Drone  
  69  5:03  Extractor, Drone x4  
  69  5:04  Drone x3  
  69  5:06  Drone  
  77  5:10  Drone x3  
  77  5:13  Extractor, Drone  
  77  5:16  Evolution Chamber, Drone, Extractor  
  77  5:18  Drone  
  77  5:20  Spore Crawler  
  76  5:24  Drone  
  76  5:26  Hatchery  
  72  5:29  Drone x2  
  72  5:33  Drone  
  72  5:35  Drone x3  
  78  5:39  Spire, Drone  
  78  5:41  Drone  
  79  5:44  Zerg Missile Weapons Level 1  
  79  5:45  Overlord  
  79  5:48  Drone  
  79  5:49  Drone  
  81  5:51  Overlord  
  81  5:55  Glial Reconstitution  
  81  5:58  Baneling Nest  
  81  6:01  Drone  
  81  6:08  Drone x9  
  89  6:13  Drone x2  
  89  6:17  Drone x5  
  96  6:19  Spore Crawler  
  96  6:25  Drone  
  96  6:28  Overlord, Drone  
  97  6:32  Overlord  
  97  6:37  Overlord  
  97  6:38  Drone x4  
  101  6:43  Spore Crawler, Extractor  
  101  6:44  Overseer, Centrifical Hooks  
  97  6:48  Drone  
  97  6:49  Drone x2  
  97  6:52  Mutalisk x5  
  97  6:54  Mutalisk  
  110  6:55  Mutalisk  
  110  6:57  Mutalisk  
  110  6:59  Mutalisk  
  118  7:01  Mutalisk  
  118  7:04  Overlord x2  
  118  7:07  Queen  
  122  7:10  Roach x2  
  122  7:14  Overlord  
  126  7:16  Overlord x2  
  126  7:19  Overlord  
  126  7:21  Overlord  
  126  7:22  Overlord  
  126  7:24  Overlord  
  126  7:25  Overlord  
  126  7:27  Overlord  
  126  7:28  Overlord  
  126  7:31  Roach x4  
  126  7:34  Overlord  
  126  7:35  Overlord  
  126  7:36  Roach  
  136  7:40  Zerg Melee Weapons Level 1  
  136  7:41  Roach x3  
  142  7:44  Roach  
  142  7:45  Roach x2  
  142  7:48  Roach x2  
  152  7:55  Roach  
  152  7:56  Roach x5  
  162  8:01  Overlord  
  162  8:03  Roach x4  
  170  8:06  Overlord  
  170  8:07  Roach x3  
  170  8:10  Overlord  
  176  8:13  Ravager x8  
  176  8:15  Zergling x8  
  176  8:19  Zergling x6  
  191  8:24  Hatchery  
  190  8:27  Baneling x7  
  190  8:31  Zergling x12  
  190  8:33  Zergling x2  
  190  8:34  Zergling x4  
  199  8:41  Overlord  
  199  8:44  Overlord  
  195  8:51  Zergling x18  
  195  8:53  Zergling x8  
  195  8:55  Zergling x2  
  195  9:00  Roach x4  
  187  9:04  Roach x2  
  187  9:08  Roach x4  
  162  9:26  Mutalisk x8  
  174  9:33  Extractor  
  174  9:34  Mutalisk  
  175  9:41  Mutalisk  
  175  9:42  Zergling x18  
  175  9:45  Queen  
  184  9:49  Baneling x7  
  184  9:51  Overlord  
  186  9:54  Zergling x8  
  186  9:56  Overlord  
  186  10:05  Overlord  
  178  10:22  Zergling x2  
  178  10:23  Zergling x30  
  178  10:26  Zergling x8  
  183  10:38  Zergling x14  
  180  10:44  Roach  
  182  10:51  Baneling x21  
  182  10:53  Zergling x14  
Show
View Real Time Build Order
Export as new Build Order

TLHarstem Protoss 

Build Orders: 1 Gate Expand, Oracle Opening, Zealot Archon 

Get SALT Encoding   

  12  0:00  Probe  
  13  0:12  Probe  
  14  0:23  Pylon  
  14  0:24  Probe  
  15  0:41  Gateway  
  15  0:42  Probe (Chrono Boost)  
  16  0:49  Probe (Chrono Boost)  
  17  0:51  Assimilator  
  17  0:56  Probe  
  18  1:08  Probe  
  19  1:21  Probe  
  20  1:28  Nexus  
  20  1:38  Cybernetics Core  
  20  1:41  Probe  
  21  1:48  Assimilator  
  21  1:53  Probe  
  22  1:57  Pylon  
  22  2:05  Probe  
  23  2:12  Adept (Chrono Boost)  
  25  2:17  Probe  
  26  2:24  Stargate  
  26  2:29  Probe (Chrono Boost)  
  27  2:33  Warp Gate  
  27  2:37  Adept  
  27  2:41  Probe (Chrono Boost)  
  31  2:44  Probe (Chrono Boost)  
  31  2:46  Probe (Chrono Boost)  
  31  2:50  Pylon  
  32  2:52  Probe  
  32  2:56  Probe  
  34  3:00  Void Ray (Chrono Boost)  
  34  3:04  Probe  
  35  3:08  Probe  
  40  3:16  Probe  
  41  3:20  Probe, Gateway  
  42  3:28  Probe  
  42  3:32  Probe  
  44  3:36  Oracle  
  44  3:40  Probe  
  48  3:42  Pylon  
  48  3:44  Probe  
  49  3:52  Probe  
  50  3:56  Probe  
  50  3:59  Nexus  
  50  4:04  Robotics Facility  
  50  4:05  Probe  
  52  4:10  Probe  
  52  4:12  Assimilator  
  52  4:15  Forge  
  53  4:17  Probe  
  53  4:20  Assimilator  
  53  4:22  Probe  
  54  4:25  Oracle  
  54  4:29  Probe  
  58  4:32  Pylon  
  58  4:34  Probe  
  59  4:41  Probe  
  60  4:46  Probe (Chrono Boost)  
  60  4:52  Robotics Bay  
  61  4:53  Probe (Chrono Boost)  
  61  4:54  Adept  
  61  4:58  Pylon  
  65  5:00  Observer (Chrono Boost)  
  65  5:01  Zealot  
  65  5:03  Shield Battery  
  65  5:04  Probe (Chrono Boost)  
  65  5:05  Probe (Chrono Boost)  
  69  5:13  Probe x3 (Chrono Boost), Protoss Ground Weapons Level 1  
  70  5:21  Probe x2 (Chrono Boost)  
  72  5:22  Gateway  
  72  5:23  Gateway  
  72  5:25  Probe (Chrono Boost)  
  73  5:28  Probe  
  73  5:33  Probe  
  73  5:34  Probe  
  76  5:35  Disruptor (Chrono Boost)  
  76  5:36  Assimilator  
  76  5:39  Assimilator  
  76  5:41  Probe  
  80  5:42  Twilight Council  
  80  5:45  Probe  
  80  5:46  Sentry, Pylon, Probe  
  84  5:53  Probe  
  84  5:54  Pylon  
  85  5:57  Probe  
  85  5:58  Probe  
  85  6:03  Gateway  
  87  6:07  Gateway  
  87  6:08  Pylon  
  87  6:09  Probe  
  87  6:11  Probe  
  89  6:13  Gateway  
  89  6:14  Gateway  
  89  6:16  Charge (Chrono Boost)  
  89  6:18  Pylon  
  90  6:19  Pylon  
  90  6:21  Templar Archives  
  89  6:31  Probe  
  90  6:36  Warp Prism (Chrono Boost)  
  90  6:38  Zealot x2  
  96  6:47  Photon Cannon  
  96  6:49  Probe  
  96  6:53  Gateway  
  97  6:55  Shield Battery, Gateway  
  97  6:58  Shield Battery, High Templar x3  
  97  6:59  High Templar  
  105  7:02  Pylon  
  105  7:04  Archon  
  105  7:05  Archon, High Templar  
  105  7:06  High Templar  
  109  7:12  Archon  
  109  7:13  Photon Cannon  
  109  7:18  Probe  
  109  7:19  Nexus  
  109  7:21  Pylon, Probe, Phoenix (Chrono Boost)  
  113  7:26  Probe  
  113  7:28  Photon Cannon  
  111  7:31  Pylon  
  111  7:33  Photon Cannon  
  108  7:37  Stalker, Phoenix  
  108  7:38  Stalker  
  108  7:43  Stargate  
  113  7:56  Probe  
  113  7:57  Probe  
  114  7:59  Protoss Air Weapons Level 1 (Chrono Boost)  
  114  8:00  Probe  
  114  8:02  Phoenix  
  114  8:03  Observer  
  114  8:08  Probe  
  114  8:09  Probe  
  114  8:11  Photon Cannon  
  113  8:13  Shield Battery, High Templar x2  
  113  8:14  Zealot x4, Photon Cannon  
  113  8:15  Probe  
  113  8:18  Archon, Disruptor (Chrono Boost)  
  126  8:24  Void Ray  
  129  8:32  Zealot  
  129  8:33  Zealot x2  
  139  8:39  Probe  
  140  8:42  Pylon  
  140  8:45  Zealot x4  
  135  8:58  Zealot x6  
  135  9:01  Disruptor  
  145  9:08  Probe  
  136  9:10  Zealot x3  
  138  9:19  Assimilator  
  130  9:24  Observer  
  130  9:27  High Templar x3  
  130  9:29  High Templar  
  128  9:31  Archon  
  128  9:34  Nexus  
  128  9:38  Observer (Chrono Boost)  
  129  9:43  Archon  
  129  9:44  Pylon, Probe  
  128  9:50  Probe  
  129  9:56  Immortal (Chrono Boost)  
  131  10:02  High Templar x2  
  131  10:03  Zealot x4  
  141  10:09  Archon  
  141  10:11  Probe  
  141  10:12  Probe  
  143  10:14  Zealot x4  
  149  10:25  Phoenix (Chrono Boost)  
  149  10:26  Stalker x3  
  152  10:32  Stalker  
  152  10:35  Stalker  
  131  10:46  Stalker x2  
  131  10:48  Zealot x3  
  134  10:53  Probe, Phoenix (Chrono Boost)  
  134  10:55  Probe  
  134  10:56  Probe  
  136  10:57  Probe  
  136  11:03  Stalker x2  
Tags
 
Add a new tag
Caveats
  • Supply blocks, unpowered buildings, or Contaminate may cause inaccurate times.
  • Supply counts are checked every 10 seconds.